[Event "13th KIIT Festival-A 2022"]
[Site "Bhubaneswar"]
[Date "2022.05.26"]
[Round "6.3"]
[White "Abdyjapar, Asyl"]
[Black "Paichadze, Luka"]
[Result "0-1"]
[ECO "D03"]
[WhiteElo "2346"]
[BlackElo "2567"]
[Annotator "TA"]
[PlyCount "96"]
[EventDate "2022.05.15"]
[EventType "swiss"]
[EventCountry "IND"]
[SourceTitle "playchess.com"]
[Source "ChessBase"]
[SourceQuality "1"]
[TimeControl "5400+30"]

1. d4 Nf6 2. Bg5 d5 3. e3 c6 4. Nf3 Bg4 5. Nbd2 Ne4 6. Bf4 {[%emt 0:03:01] [#] D03: 1 d4 d5 2 Nf3 Nf6 3 Bg5, including Torre Attack with early ...d5.} Nxd2 $146 ({Predecessor:} 6... Qb6 7. Qc1 Nxd2 8. Nxd2 Nd7 9. c4 e6 10. c5 Qd8 11. Bd3 e5 12. Bxe5 Nxe5 13. dxe5 {0-1 (56) Wilkins,M (1886)-Croad,N (2368) Wellington 2014}) 7. Qxd2 Bxf3 8. gxf3 {[%emt 0:00:05] White is slightly better.} Nd7 9. O-O-O e6 10. Kb1 Nf6 11. c4 Bd6 12. Bg3 Qe7 13. cxd5 Nxd5 14. e4 Nb6 15. a3 O-O-O 16. Qa5 Kb8 17. Be2 h5 18. h4 g6 19. Rd2 Rd7 20. Rhd1 Rhd8 21. Ka2 (21. Rd3 $11 {keeps the balance.}) 21... f5 $17 {[%emt 0:03:24] Threatens to win with ...f4.} 22. Bxd6+ Rxd6 23. Qe5 Qxh4 24. Rg1 {[%emt 0:02:27] [#]} Qxf2 ({Better is} 24... g5 $1 $17 25. Bf1 Qf4 26. Qxf4 gxf4 27. exf5 exf5) 25. Rxg6 $15 {[%emt 0:00:15] [#]} Nc4 $1 26. Bxc4 Qxd2 27. d5 cxd5 28. Bxd5 {[%emt 0:05:14][%cal Og6g8] Hoping for Rg8!} fxe4 29. fxe4 {[%emt 0:00:21][%cal Og6g8] aiming for Rg8!} Qa5 {[%emt 0:01:14] And now ...Qc7 would win.} 30. Rxe6 Qc7 {[%emt 0:00:12] Strongly threatening ...h4.} 31. Rxd6 Qxd6 32. Qxh5 {[%emt 0:00:10][%mdl 4096] Endgame KQR-KQB} a6 33. Qh7 Qb6 34. Qg7 Ka7 35. Qe5 Rc8 36. Qg7 Rc7 (36... Rc1 {feels hotter.} 37. Qf7 Rg1 38. Qe7 Rg3) 37. Qe5 Qc5 38. Qf6 {[%emt 0:01:08] [#]} (38. Qf4 $15) 38... Qg1 $1 $17 39. Qe5 $2 {[%emt 0:03:23][%mdl 8192] This move loses the game for White.} (39. Kb3 $17) 39... Rc1 $19 {[%emt 0:01:41] White must now prevent ...Qd1.} 40. Qe7 Ra1+ 41. Kb3 Qd1+ (41... Qe3+ $142 42. Ka4 Qd4+ 43. Kb3 Qd3+ 44. Kb4 Qb5+ 45. Kc3 Rc1+ 46. Kd4 Qxb2+ 47. Ke3 Qc3+ 48. Kf4 Rf1+ 49. Kg4 Qf3+ 50. Kh4 Rh1+ 51. Kg5 Rg1+ 52. Kh6 Qh3+ 53. Qh4 Qxh4#) 42. Kb4 (42. Kc3 $19 Qc1+ 43. Kd3 Qxb2 44. Qc5+ Qb6 45. Qxb6+ Kxb6 46. Kc4) 42... Qd4+ {[%emt 0:00:27] Black mates.} 43. Kb3 Qd3+ 44. Kb4 Qb5+ 45. Kc3 Rc1+ 46. Kd4 Qxb2+ 47. Ke3 Qc3+ 48. Kf4 Rf1+ {[%emt 0:00:16] Weighted Error Value: White=0.66/Black=0.14 (very precise)} 0-1

[Event "13th KIIT Festival-A 2022"]
[Site "Bhubaneswar"]
[Date "2022.05.26"]
[Round "6.4"]
[White "Fedorov, Alexei"]
[Black "Rohith Krishna S"]
[Result "1-0"]
[ECO "C54"]
[WhiteElo "2529"]
[BlackElo "2337"]
[Annotator "TA"]
[PlyCount "77"]
[EventDate "2022.05.15"]
[EventType "swiss"]
[EventCountry "IND"]
[SourceTitle "playchess.com"]
[Source "ChessBase"]
[SourceQuality "1"]
[TimeControl "5400+30"]

1. e4 e5 2. Nf3 Nc6 3. Bc4 Bc5 4. d3 Nf6 5. Bg5 h6 6. Bh4 d6 7. c3 {[%emt 0:00:17] Nowadays more popular than 7.h3.} Bb6 {[%emt 0:01:50] C54: Giuoco Piano: 4 c3 Nf6, main lines with 5 d4 and 5 d3.} 8. a4 a6 9. Nbd2 Qe7 {[%emt 0:01:38] The position is equal.} (9... g5 $5 10. Bg3 O-O $11) 10. b4 g5 11. Bg3 {[%emt 0:00:11] [#]} Nh7 $146 (11... Nh5 $11) ({Predecessor:} 11... Be6 12. O-O O-O 13. Re1 Nh7 14. Bxe6 Qxe6 15. Nc4 Ba7 16. b5 Ne7 17. Rb1 axb5 18. axb5 {1-0 (83) Adhiban,B (2629)-Stefanova,A (2485) Riga 2021}) 12. a5 Ba7 13. b5 axb5 14. Bxb5 O-O 15. O-O Qf6 16. a6 $36 {[%emt 0:04:51][%mdl 2048] White fights for an advantage.} Ne7 {[%emt 0:05:34] [#]} (16... h5 $14) 17. d4 $1 $16 exd4 {[%emt 0:00:13] [#]} 18. e5 $1 {[%emt 0:16:41] White is more active.} (18. Nxd4 $6 bxa6 19. Bd3 Ng6 $11) 18... Qg6 (18... dxe5 19. Bxe5 Qf5 20. Re1 $14 (20. cxd4 Bxd4 21. Bxd4 Qxb5 $14)) 19. axb7 (19. Nxd4 $6 bxa6 20. exd6 cxd6 $14) (19. exd6 $142 cxd6 20. cxd4 (20. Nxd4 bxa6 21. Nc6 Nxc6 $14)) 19... Bxb7 20. cxd4 {[%emt 0:00:10] Threatens to win with Re1.} h5 (20... dxe5 $16 21. Nxe5 (21. Bxe5 g4 $14) 21... Qg7) 21. exd6 $18 cxd6 22. Re1 Nc6 (22... Nc8 {was necessary.}) 23. Nc4 (23. Ne4 $18) 23... g4 $2 {[%emt 0:03:09][%mdl 8192] Loses the game.} (23... Qf6 $16 {is tougher.}) 24. Nh4 Qf6 25. Nxd6 Nxd4 26. Rxa7 (26. Nxb7 Nxb5 27. Ra5 Nc3 $16) 26... Rxa7 27. Be5 Qxh4 28. Bxd4 {[%emt 0:01:53] Dancing on a razor blade.} Bxg2 {[%emt 0:01:29][%cal Oh7g5] aiming for ...Ng5!} 29. Bxa7 {[%emt 0:02:47] A strong pair of Bishops.} Ng5 30. Nf5 (30. Kxg2 $2 Qh3+ 31. Kg1 (31. Kh1 $2 Nf3 $19) 31... Nf3+ 32. Qxf3 gxf3 $19) 30... Qh3 {[%emt 0:00:39] ...Nf3+ is the strong threat.} 31. Re3 Nf3+ $2 {[%emt 0:03:03] [#]} (31... Bf3 32. Qf1 Be4 33. Ne7+ (33. Rxh3 Nxh3+ 34. Qxh3 gxh3 $16) 33... Kh7 34. Qxh3 (34. Rxh3 Nxh3+ 35. Qxh3 gxh3 $14) 34... Nxh3+ 35. Kf1 f5) 32. Rxf3 $1 Qxf3 (32... Bxf3 33. Nh6+) 33. Ne7+ Kh7 34. Qd6 {[%emt 0:03:06] Threatening mate with Bd3+.} f6 35. Bd3+ Kg7 36. Nf5+ ({Stronger than} 36. Ng6 Qd1+ 37. Kxg2 Qf3+ 38. Kg1 Qd1+ 39. Kg2 Qf3+ 40. Kg1 Qd1+ 41. Kg2 $11) 36... Kg8 37. Bc4+ Rf7 38. Bxf7+ Kxf7 39. Qe7+ {[%emt 0:00:08] Weighted Error Value: White=0.16 (very precise) /Black=0.50} 1-0

[Event "13th KIIT Festival-A 2022"]
[Site "Bhubaneswar"]
[Date "2022.05.26"]
[Round "6.5"]
[White "Alekhya Mukhopadhyay"]
[Black "Savchenko, Boris"]
[Result "0-1"]
[ECO "B94"]
[WhiteElo "2162"]
[BlackElo "2524"]
[Annotator "TA"]
[PlyCount "90"]
[EventDate "2022.05.15"]
[EventType "swiss"]
[EventCountry "IND"]
[SourceTitle "playchess.com"]
[Source "ChessBase"]
[SourceQuality "1"]
[TimeControl "5400+30"]

1. e4 c5 2. Nf3 d6 3. d4 cxd4 4. Nxd4 Nf6 5. Nc3 a6 6. Bg5 Nbd7 7. f4 {[%emt 0:01:01] 7.Qe2 is the modern continuation.} g6 {[%emt 0:01:27] B94: Sicilian Najdorf: 6 Bg5 Nbd7.} 8. Qe2 Bg7 9. O-O-O O-O {[%emt 0:15:38] White is slightly better.} 10. e5 dxe5 11. fxe5 Qa5 12. Nf3 Ng4 {[%emt 0:00:15] [#]} 13. e6 $146 ({Predecessor:} 13. Rd5 b5 14. h3 Nh6 15. Kb1 Nf5 16. Ne4 Qc7 17. g4 Bb7 18. Rxd7 Qxd7 19. gxf5 Qxf5 {½-½ (41) Alekseev,E (2673)-Grischuk,A (2763) Moscow 2012}) 13... Nde5 14. Bxe7 $2 {[%emt 0:23:55] This move loses the game for White.} (14. Nxe5 $11 Nxe5 15. exf7+ (15. Bxe7 Bxe6 16. a3 Nc4 $17) 15... Nxf7 16. Bd2) 14... Bxe6 $19 15. Bxf8 Rxf8 16. h3 Nc4 $1 {[%emt 0:06:33][%cal Oc4b2] White must now prevent ...Nxb2!} 17. Rd4 $2 {[%emt 0:07:19] [#]} (17. hxg4 Qb4 18. Qxc4 Bxc4 19. a3) 17... Nxb2 $1 {[%emt 0:13:54][%mdl 576] Decoy} 18. Kxb2 Qb6+ 19. Kc1 Bxd4 $2 (19... Bh6+ 20. Rd2 Qb4 21. hxg4 Qxc3) 20. Nxd4 Qxd4 21. Qd2 Qxd2+ 22. Kxd2 Rd8+ 23. Ke2 (23. Bd3 $142 Ne5 24. Re1) 23... Bc4+ 24. Ke1 Bxf1 25. Rxf1 {[%emt 0:00:06][%mdl 4096] Endgame KRN-KRN} Ne3 26. Rf2 {[%emt 0:00:39] [#]} Rc8 $1 27. Ne4 Nxc2+ 28. Kd2 Nb4 29. Ke3 Re8 {[%emt 0:03:35] Threatens to win with ...f5.} 30. g4 {[%emt 0:00:28] Against f5} Re5 {[%emt 0:04:03] aiming for ...f5.} 31. Rb2 a5 {[%emt 0:15:31] Hoping for ...f5.} 32. g5 h6 33. h4 hxg5 34. hxg5 b5 35. a3 Nc6 36. Rc2 {[%emt 0:00:32] [#]} Ne7 37. Kd4 (37. Rd2 {was necessary.}) 37... Rd5+ 38. Ke3 Kg7 39. Rc7 $2 (39. Rd2 {might work better.}) 39... Nf5+ 40. Kf4 Nd4 {[%emt 0:00:12] And now ...Ne6+ would win.} 41. Re7 Ne6+ 42. Kg4 b4 43. axb4 axb4 {[%emt 0:00:06] ...b3 is the strong threat.} 44. Rb7 Rd4 {[%emt 0:00:07] ( -> ...Nxg5)} 45. Kf3 {[%emt 0:00:10] [#]} Rxe4 $1 {[%emt 0:00:06] Weighted Error Value: White=0.68/Black=0.17 (very precise)} 0-1

[Event "13th KIIT Festival-A 2022"]
[Site "Bhubaneswar"]
[Date "2022.05.26"]
[Round "6.6"]
[White "Nikitenko, Mihail"]
[Black "Saravana, Krishnan P."]
[Result "1/2-1/2"]
[ECO "C03"]
[WhiteElo "2479"]
[BlackElo "2269"]
[Annotator "TA"]
[PlyCount "162"]
[EventDate "2022.05.15"]
[EventType "swiss"]
[EventCountry "IND"]
[SourceTitle "playchess.com"]
[Source "ChessBase"]
[SourceQuality "1"]
[TimeControl "5400+30"]

1. e4 e6 2. d4 d5 3. Nd2 h6 4. Ngf3 Nf6 5. Bd3 c5 6. e5 {[%emt 0:00:04] C03: French Tarrasch: Unusual Black 3rd moves.} Nfd7 7. c3 Nc6 8. O-O {[%emt 0:00:05] White has an edge.} g5 9. b3 Qb6 10. Bb2 cxd4 11. cxd4 Be7 {[%emt 0:00:05] [#]} 12. h3 $146 ({Predecessor:} 12. Rc1 a5 13. a4 Ndb8 14. Nb1 Na6 15. Na3 Nc7 16. Ne1 Bd7 17. Nb5 Nxb5 18. Bxb5 {½-½ (54) Santos Latasa,J (2511)-Ider,B (2414) Porto 2015}) 12... h5 13. g4 (13. Rc1 $14 {might be stronger.}) 13... hxg4 14. hxg4 Nf8 15. a3 {[%emt 0:01:29] Against Nb4} Bd7 16. b4 Nd8 17. Qe2 Rg8 18. Qe3 (18. Rfc1 $14) 18... Bb5 $11 19. Bxb5+ Qxb5 20. a4 Qd7 (20... Qxb4 21. Ba3 Qa5 22. Bxe7 Kxe7 23. Rfc1 $16 (23. Nxg5 Rc8 $14)) 21. b5 Ng6 22. Ne1 $2 (22. Nxg5 $11 Nxe5 23. dxe5 Bxg5 24. f4) 22... f5 (22... Rh8 $19 {White must now prevent ...f5.} 23. Nd3 a6) 23. exf6 $17 Bxf6 24. Nd3 Qh7 $1 25. f3 Nf4 (25... Rh8 26. Kf2 $15) 26. Nxf4 gxf4 27. Qc3 Rh8 28. Kf2 {[%emt 0:00:12][%cal Of1h1,Bg1f2,Bf2e1,Be1d1][%mdl 32] [#]} Qh2+ ({But not} 28... Qh3 $6 29. Ke2 $11) (28... Rc8 $1 $17 29. Qxc8 Qd3) 29. Ke1 $15 Qg2 30. Qd3 Rh2 31. Rc1 $1 Nf7 32. Kd1 Kd7 {[%emt 0:08:15] Against Rc7+} 33. b6 Nd6 34. Rc7+ Kd8 35. Rh7 $2 (35. Re1 $11 {and White stays safe.}) 35... axb6 $2 ({Black should play} 35... Rxh7 $19 36. Qxh7 Nc4 37. Qc7+ Ke8) 36. Rxh2 $11 {[%emt 0:00:20] Really sharp!} Qxh2 37. Qg6 $1 Qh8 38. Re1 $1 (38. g5 Bxd4 39. Qxe6 Kc7 $17) 38... Qg7 $1 39. Qxg7 Bxg7 40. Rxe6 Kd7 41. Rg6 Bf8 42. Rg8 b5 43. axb5 Nxb5 44. Nb3 Ke6 (44... Re8 $11 {remains equal.}) 45. Rg6+ (45. Nc5+ $16 Kf7 46. Rg5) 45... Kd7 $14 46. Nc5+ Bxc5 47. dxc5 {[%emt 0:00:03][%mdl 4096] Endgame KRB-KRN} Ra2 $1 48. Kc1 Ra4 (48... Na3 $14) 49. Rb6 $16 Rc4+ 50. Kd2 Rxc5 51. Rxb7+ Ke6 52. Rb6+ Kd7 53. Be5 {[%emt 0:00:24] Inhibits Nd6.} (53. Rf6 $142 $1) 53... Na3 54. Rb7+ Ke6 55. Bxf4 {[%emt 0:00:07] White is more active.} Rc2+ (55... Nc4+ $16 56. Ke1 d4) 56. Kd3 $18 {[%emt 0:00:54] Strongly threatening Rb6+.} Rf2 57. Ke3 Ra2 {[%emt 0:00:05] [#]} 58. Rb6+ (58. Bg5 $1 $16) 58... Kf7 $14 59. Kd4 {[%emt 0:02:26] aiming for g5.} Nc4 (59... Nc2+ $16 {keeps fighting.} 60. Ke5 (60. Kxd5 Ra5+ 61. Ke4 Ra4+ 62. Ke5 Ra5+ 63. Kd6 Nd4 $14) 60... d4) 60. Rb7+ $18 Ke6 61. Bg5 ({Better is} 61. Rh7 $18) 61... Ra4 $1 $14 62. Kc5 Ra5+ {[%emt 0:00:04] [#]} 63. Kb4 $1 Ra1 {[%emt 0:01:20] Threatens to win with ...Rb1+.} 64. Re7+ Kd6 65. Rg7 (65. Rh7 $14) 65... Rf1 66. f4 Ne3 67. Rg6+ Kd7 68. Bh6 {[%emt 0:00:05] And now Kc5 would win.} d4 69. Kc5 d3 {[%emt 0:00:13] Hoping for ...Rc1+.} 70. Rd6+ Kc7 (70... Ke8 $11) 71. Rxd3 Rc1+ 72. Kd4 Nxg4 73. Bg5 Nf2 74. Re3 ({White should try} 74. Rd2 $16 Nh3 75. Re2 (75. Rd3 Nxg5 76. fxg5 Rg1 $11)) 74... Rd1+ $11 75. Kc4 Kd6 76. Be7+ Kd7 77. Bc5 Rc1+ 78. Kd5 Rd1+ 79. Bd4 Nd3 80. f5 Nb4+ 81. Ke4 Rxd4+ {[%emt 0:00:34] What a bad dream for Black.  Weighted Error Value: White=0.21 (precise) /Black=0.21 (precise)} 1/2-1/2

[Event "13th KIIT Festival-A 2022"]
[Site "Bhubaneswar"]
[Date "2022.05.26"]
[Round "6.7"]
[White "Mirzoev, Azer"]
[Black "Sangma, Rahul"]
[Result "1-0"]
[ECO "D02"]
[WhiteElo "2476"]
[BlackElo "2232"]
[Annotator "TA"]
[PlyCount "131"]
[EventDate "2022.05.15"]
[EventType "swiss"]
[EventCountry "IND"]
[SourceTitle "playchess.com"]
[Source "ChessBase"]
[SourceQuality "1"]
[TimeControl "5400+30"]

1. d4 Nf6 2. Nf3 g6 3. Nbd2 d5 4. e3 Bg7 5. b4 a5 6. b5 {[%emt 0:00:07] D02: 1 d4 d5 2 Nf3 sidelines, including 2...Nf6 3 g3 and 2...Nf6 3 Bf4.} c5 7. bxc6 Nxc6 {[%emt 0:00:26][%cal Bb8c6,Bc6b4,Bb4d3][%mdl 32] 7...Nxc6 is better than 7...bxc6.} 8. Be2 {[%emt 0:01:43] White has an edge.} O-O 9. O-O Bf5 10. Bb2 Qb6 11. Ba3 {[%emt 0:06:50] [#]} Qc7 $146 ({Predecessor:} 11... Rfd8 12. c3 a4 13. Qc1 Rac8 14. Bc5 Qa5 15. Qb2 Nd7 16. Ba3 b5 17. Nh4 Be6 {1-0 (50) Sargissian,G (2680)-Puranik,A (2514) Abu Dhabi 2018}) 12. c4 Nb4 13. Qb3 Bc2 14. Qb2 Bd3 15. Bxd3 Nxd3 16. Qb3 dxc4 17. Nxc4 b5 18. Ncd2 Nb4 19. Bxb4 axb4 20. Qxb4 Qd7 ({Black should try} 20... Rfb8 $1 $14) 21. Ne5 $36 {[%emt 0:09:47][%mdl 2048] Black is under strong pressure.} Qe6 22. Qxb5 Rxa2 23. Ndf3 {[%emt 0:02:03] Strongly threatening Ng5. Pair of Knights!} Rxa1 24. Rxa1 Qd5 {[%emt 0:00:11] Prevents Qb7.} 25. Qxd5 {[%emt 0:06:22] 0x0.0024a8b37ed6dp-1022s more active pieces.} Nxd5 26. Ra5 Rc8 {[%emt 0:03:07] ( -> ...Rc1+)} 27. g4 e6 28. Ra7 Rf8 (28... f6 $16) 29. g5 $18 f6 30. gxf6 Bxf6 31. Kg2 Re8 32. Ng4 Bg7 33. h4 Nf6 34. Nge5 Ne4 35. Nd7 Nd6 36. Ng5 h6 37. Nf3 Nf7 (37... Re7 $142 38. Ra8+ Ne8) 38. Ra6 Kh7 39. Nc5 e5 {[%emt 0:00:33] [#]} 40. Ra7 (40. d5 $1 $18 {and the rest is easy.}) 40... exd4 $16 41. Rxf7 dxe3 42. Nd3 exf2 43. Kxf2 Re6 44. Rd7 Kg8 45. Rd8+ Kh7 46. Kg3 ({But not} 46. Rd7 Rf6 47. Kg3 Kg8 48. Rd8+ Kh7) 46... Ra6 47. Re8 Bf6 48. Nf2 Ra3 49. Re4 Rc3 50. Ra4 Rb3 51. Kg4 Kg8 52. Ne4 Be7 (52... Bb2 $16 {is a better chance.} 53. Rc4 Rb5 54. Rc8+ Kg7 55. Rc7+ Kg8) 53. Ra8+ $18 Kf7 54. Ne5+ Ke6 55. Nxg6 {[%emt 0:00:31] Re8 is the strong threat.} Rb4 56. Ra6+ Kf7 57. Kf5 {[%emt 0:00:33] Ne5+ would kill now.} Bxh4 58. Nxh4 Rb5+ 59. Kf4 Ke7 60. Ng6+ Kd8 61. Ra7 Rd5 62. Ne5 Rd1 63. Kf5 h5 64. Ke6 Kc8 65. Kf5 Kd8 $1 {[%emt 0:02:18] [#]} 66. Nd6 $1 {[%emt 0:00:30] Weighted Error Value: White=0.09 (flawless) /Black=0.39} 1-0

[Event "13th KIIT Festival-A 2022"]
[Site "Bhubaneswar"]
[Date "2022.05.26"]
[Round "6.8"]
[White "Rahman, Ziaur"]
[Black "Praloy Sahoo"]
[Result "1-0"]
[ECO "A09"]
[WhiteElo "2431"]
[BlackElo "2065"]
[Annotator "TA"]
[PlyCount "143"]
[EventDate "2022.05.15"]
[EventType "swiss"]
[EventCountry "IND"]
[SourceTitle "playchess.com"]
[Source "ChessBase"]
[SourceQuality "1"]
[TimeControl "5400+30"]

1. Nf3 d5 2. c4 d4 3. g3 Nc6 4. Bg2 e5 5. d3 Nf6 6. O-O Nd7 7. Na3 Be7 {[%emt 0:01:04] A09: Réti Opening: 1 Nf3 d5 2 c4.} (7... Bxa3 $5 8. bxa3 O-O $11) 8. Nc2 a5 9. a3 {[%emt 0:07:05] [#]} Nc5 $146 {[%emt 0:21:31] The position is equal.} ({Predecessor:} 9... O-O 10. Bd2 Bf6 11. b4 e4 12. dxe4 Nde5 13. Nxe5 Nxe5 14. f4 Nxc4 15. e5 Be7 16. bxa5 {½-½ (36) Agopov,M (2452)-Ebeling,D (2279) Helsinki 2012}) 10. b4 axb4 11. axb4 Rxa1 12. Nxa1 Nxb4 13. Nxe5 O-O 14. Bd2 Nca6 15. Nc2 Re8 16. Nf3 Nc6 17. Re1 Bf6 18. Qb1 Nc5 19. Qb5 Ne6 20. Bc1 Nb8 21. Qa5 b6 22. Qa8 Na6 23. Ba3 c5 24. Nd2 Re7 (24... Bg5 $11 25. Ne4 Be7) 25. Rb1 (25. Ne4 $14 {should be considered.}) 25... Bg5 $11 26. Bc1 Nec7 27. Qf3 Ne8 28. Bf1 Bb7 29. Qf5 (29. Qg4 $5 Bh6 30. Qh4 $11) 29... Bh6 30. Nb3 g6 31. Qg4 Bg7 32. Bg5 f6 33. Bd2 Qd6 34. h4 Qc6 35. Qh3 {[%emt 0:00:02] Against Qh1+} Qa4 {[%emt 0:01:06] Strongly threatening ...Qa2.} 36. Nba1 Qc6 37. Ne1 Qc7 38. Bf4 Qd8 39. Nac2 Nec7 ({Black should play} 39... Nd6 $14) 40. Rxb6 $16 Bc8 41. Rd6 Qe8 42. Qh1 Ne6 43. Bd2 Bf8 44. Qc6 {[%emt 0:01:05] White is more active.} Kf7 45. Qxe8+ Rxe8 46. Rb6 Nec7 47. Na3 Bg4 48. Nf3 Nb4 (48... Rb8 $16 49. Rxb8 Nxb8) 49. Bxb4 cxb4 50. Nc2 Bxf3 51. exf3 Bc5 52. Rb7 Re7 53. Nxb4 {[%emt 0:00:45] Black must now prevent Nc6.} Ne6 54. Rxe7+ Bxe7 $18 {[%emt 0:00:07][%mdl 4096] Endgame KBN-KBN} 55. Nc6 Bd6 56. f4 f5 57. Be2 Kf6 58. Kf1 h6 (58... Ba3 $16 59. Bf3 Bb2) 59. Ke1 Bc7 (59... Ba3 {might work better.} 60. Kd1 Bb2) 60. Kd2 Nd8 61. Nxd8 ({Don't play} 61. Nxd4 $6 Ba5+ 62. Kc2 Bb6 $16) 61... Bxd8 {[%emt 0:00:01] KB-KB} 62. c5 (62. h5 $1 $18 ) 62... Ba5+ 63. Kd1 $1 Ke6 64. Bf3 Bb4 $2 {[%emt 0:00:01][%mdl 8192] [#]} (64... h5 $16) 65. c6 $1 Ba5 {[%emt 0:00:32] [#]} 66. h5 $1 g5 $2 (66... gxh5 67. Bxh5 Bd8) 67. fxg5 hxg5 68. g4 f4 69. Be4 {[%emt 0:00:13] White mates.} Bd8 70. Kc2 Kd6 71. h6 Bf6 72. Kb3 {[%emt 0:00:09] Weighted Error Value: White=0.11 (very precise) /Black=0.15 (very precise)} (72. h7 $142 Be5 73. Kb3 Bf6 74. Kc4 Bh8 75. Kb5 Kc7 76. Kc5 Bf6 77. Kd5) 1-0

[Event "13th KIIT Festival-A 2022"]
[Site "Bhubaneswar"]
[Date "2022.05.26"]
[Round "6.9"]
[White "Azaladze, Shota"]
[Black "Shiva Pavan Teja Sharma U"]
[Result "1-0"]
[ECO "A05"]
[WhiteElo "2420"]
[BlackElo "2064"]
[Annotator "TA"]
[PlyCount "91"]
[EventDate "2022.05.15"]
[EventType "swiss"]
[EventCountry "IND"]
[SourceTitle "playchess.com"]
[Source "ChessBase"]
[SourceQuality "1"]
[TimeControl "5400+30"]

1. Nf3 Nf6 2. g3 b6 3. Bg2 Bb7 4. O-O c5 5. d3 g6 6. e4 d6 {[%emt 0:00:53] 6...Bg7 is the modern continuation.} 7. Ne1 {[%emt 0:00:00] A05: Réti Opening: 1 Nf3 Nf6.} Qc8 {[%emt 0:04:53] [#]} 8. c4 $146 ({Predecessor:} 8. f4 Nc6 9. Nd2 Bg7 10. Nc4 b5 11. Ne3 O-O 12. a4 a6 13. c4 bxa4 14. Rxa4 Nd7 {1-0 (41) Eliskases,E-Maderna,C Mar del Plata 1949}) 8... Bg7 9. Nc3 {[%emt 0:00:00] The position is equal.} Nc6 10. h3 O-O 11. Nc2 Nd4 12. Nxd4 cxd4 13. Nd5 Nxd5 14. exd5 e6 15. dxe6 fxe6 16. Qe2 Bxg2 17. Kxg2 Qc6+ 18. f3 d5 19. b3 Rfe8 20. Bd2 dxc4 21. bxc4 e5 22. a4 h5 23. Rfe1 Re6 24. Qe4 (24. Bg5 {with more complications.} Rf8 25. Qe4 Rf5 26. Bd2) 24... Qxe4 25. Rxe4 Rc6 26. Rae1 a6 27. Bb4 (27. Ra1 $16) 27... b5 $1 $11 28. cxb5 axb5 29. a5 Rc2+ 30. R4e2 Rxe2+ 31. Rxe2 {[%emt 0:00:00][%mdl 4096] Endgame KRB-KRB} Bf8 32. Be1 Bd6 33. f4 exf4 34. Re6 Bc7 {[%emt 0:01:38] [#]} (34... Rd8 $11) 35. a6 $1 $16 Kf7 (35... fxg3 $16 {was called for.} 36. Rxg6+ Kf7) 36. Rc6 $18 Be5 37. gxf4 Bxf4 38. Bb4 g5 {[%emt 0:01:08] [#]} 39. Kf3 $1 {[%emt 0:00:00][%mdl 1024] White has strong compensation.} h4 (39... Ke8 {might work better.} 40. Ke4 Kd7) 40. Rh6 {[%emt 0:00:00] Kg4 is the strong threat.} (40. Ke4 Bg3 41. Bc5 (41. Kxd4 g4 $15) 41... g4 42. hxg4 h3 $16) 40... Be3 $2 (40... Be5) 41. Kg4 Bf4 42. Bc5 Kg7 43. Rb6 (43. Re6 $142 b4 44. a7) 43... Kf7 44. Rh6 $2 (44. Bxd4 Ke8 45. Bc5 (45. Rxb5 Rxa6 46. Be5 Bd2 $16) 45... Kd8) (44. Rxb5 Rxa6 45. Bxd4 Ra3 $11) (44. Kf5 Ke8 45. Ke4 (45. Bxd4 Kd7 $18) (45. Rxb5 Rxa6 46. Bxd4 Rd6 $11)) 44... Kg7 45. Re6 Kf7 46. Kf5 {[%emt 0:00:00] Weighted Error Value: White=0.22 (precise) /Black=0.26 (precise)} 1-0

[Event "13th KIIT Festival-A 2022"]
[Site "Bhubaneswar"]
[Date "2022.05.26"]
[Round "6.10"]
[White "Audi Ameya"]
[Black "Mayank Chakraborty"]
[Result "1-0"]
[ECO "B33"]
[WhiteElo "2389"]
[BlackElo "2015"]
[Annotator "TA"]
[PlyCount "92"]
[EventDate "2022.05.15"]
[EventType "swiss"]
[EventCountry "IND"]
[SourceTitle "playchess.com"]
[Source "ChessBase"]
[SourceQuality "1"]
[TimeControl "5400+30"]

1. e4 c5 2. Nf3 Nc6 3. d4 cxd4 4. Nxd4 Nf6 5. Nc3 e5 6. Ndb5 d6 7. Bg5 a6 8. Na3 b5 9. Nd5 Be7 10. Bxf6 Bxf6 11. c4 b4 {[%emt 0:00:06] B33: Sicilian: Pelikan and Sveshnikov Variations.} (11... Be6 {feels hotter.} 12. cxb5 Nd4 13. Bc4 axb5 14. Bxb5+ Kf8) 12. Nc2 O-O {[%emt 0:00:14] outshines the older 12...a5.} 13. g3 a5 {[%emt 0:01:16] The position is equal.} 14. b3 Bg5 15. h4 {[%emt 0:10:39] 15.Bg2 is not played anymore.} Bh6 16. Bh3 Be6 17. Qd3 {[%emt 1:16:22] [#]} Qb8 $146 ({Predecessor:} 17... Nb8 18. Bxe6 fxe6 19. Nde3 Bxe3 20. Qxe3 Nd7 21. O-O Nc5 22. Kg2 Qc7 23. Rab1 Rad8 {½-½ (44) Sarakenidis,N (2346)-Pilipchuk,A (2262) LSS email 2015}) 18. Kf1 Qa7 19. Kg2 Ne7 (19... Rab8 $11) 20. Nxe7+ $1 $16 Qxe7 21. a3 Qb7 22. axb4 $1 axb4 23. f3 {[%emt 0:00:00] Black must now prevent Bxe6.} Qb6 24. Rhd1 Rxa1 25. Rxa1 Bxh3+ 26. Kxh3 {[%emt 0:00:00] Strongly threatening Kg2.} g6 (26... Qf2 $1 $11 27. Rf1 (27. Nxb4 Bf4 28. gxf4 exf4 29. Kg4 Qg3+ 30. Kf5 g6+ 31. Kf6 Qxh4#) 27... Qc5) 27. Kg2 Rb8 28. Ra4 Qc5 29. Qe2 Rb7 30. Qe1 (30. Ra8+ {is interesting.} Kg7 31. Qd1 Rd7 32. Ra4) 30... f5 (30... Ra7 $16 31. Qxb4 Qxb4 32. Nxb4 Rb7) 31. Rxb4 (31. Nxb4 fxe4 32. fxe4 Qd4 $11) 31... Ra7 {[%emt 0:02:01] [#]} (31... Rxb4 $16 {was necessary.} 32. Qxb4 fxe4) 32. Rb5 $1 $18 Qc6 (32... Qc8 $142 33. exf5 Qxf5) 33. Nb4 Qa8 (33... Qc8 {was called for.} 34. exf5 Qxf5 35. Rb8+ Bf8) 34. Qd1 $2 (34. exf5 $18 {is more deadly. aiming for c5.} gxf5 35. Qd1) 34... fxe4 $16 35. Qxd6 ({Of course not} 35. Qd5+ Qxd5 36. Rxd5 Ra3 37. fxe4 Rxb3 $11) ({White should play} 35. fxe4 $16 {And now Qd5+ would win.} Qxe4+ 36. Qf3 Qxf3+ 37. Kxf3) 35... exf3+ $11 36. Kh2 (36. Kf2 $11 Ra2+ 37. Nxa2 Qxa2+ 38. Kxf3 e4+ 39. Kg4 Qe2+ 40. Kh3 Qf1+ 41. Kg4 (41. Kh2 Qe2+ 42. Kh3 Qf1+ 43. Kh2 Qe2+ 44. Kh3 $11) 41... Qe2+ 42. Kh3 Qf1+ 43. Kg4 (43. Kh2 Qe2+ 44. Kh3 $11) 43... Qe2+) 36... Ra2+ $2 {[%emt 0:05:14][%mdl 8192] This costs Black the game.} 37. Nxa2 $18 {[%emt 0:00:04] Threatening mate with Rb8+.} Qxa2+ {[%emt 0:00:07][%mdl 4096] Endgame KQR-KQB} 38. Kh3 {[%emt 0:00:02] White mates.} Qg2+ 39. Kg4 Bf8 40. Qe6+ Kh8 41. Qxe5+ Kg8 42. Qd5+ Kh8 43. Rb8 h5+ 44. Kf4 g5+ 45. hxg5 Qd2+ 46. Qxd2 Kg8 {[%emt 0:41:32] Weighted Error Value: White=0.22 (precise) /Black=0.33} 1-0